 Dungeon Crawl Stone Soup version 0.15.2 (webtiles) character file.

298 RottenBandages the Insei (level 6, 0/47 HPs)
             Began as a Mummy Monk on Oct 28, 2015.
             Slain by a kobold
             ... wielding a +0 dagger
              (4 damage)
             ... on Level 5 of the Dungeon.
             The game lasted 00:05:08 (4360 turns).

RottenBandages the Insei (Mummy Monk)               Turns: 4360, Time: 00:05:08

HP   0/47        AC  3     Str 14      XL: 6   Next: 13%
MP   6/6         EV 12     Int  9      God:
Gold 213         SH  0     Dex 16      Spells:  0 memorised,  5 levels left

rFire  x . .     SeeInvis .       - Unarmed
rCold  + . .     Clarity  .     n - +0 leather armour
rNeg   + + +     rCorr    .     (no shield)
rPois  +         rRot     +     (no helmet)
rElec  .         Spirit   .     (no cloak)
SustAb .         Warding  .     (no gloves)
rMut   .         Stasis   .     (no boots)
Gourm  .                        (no amulet)
MR     .....                    (no ring)
                                (no ring)

@: not resistant to hostile enchantments, unstealthy
A: no food or potions, fire vulnerability, restore body, cold resistance 1,
negative energy resistance 3, poison resistance, torment resistance, unbreathing
a: no special abilities


You were on level 5 of the Dungeon.
You were not hungry.

You visited 1 branch of the dungeon, and saw 5 of its levels.

You collected 213 gold pieces.


Innate Abilities, Weirdness & Mutations

You do not eat or drink.
Your flesh is vulnerable to fire.
Your flesh is cold resistant.
You are immune to negative energy.
Your system is resistant to poisons.
You are immune to unholy pain and torment.
You can survive without breathing.


   Skills:
 - Level 3.0 Fighting
 - Level 2.4 Dodging
 - Level 1.5 Stealth
 + Level 6.2 Unarmed Combat


You had 5 spell levels left.
You didn't know any spells.

Inventory:

Missiles
 h - 7 javelins (quivered)
 m - 25 poisoned needles
 q - 8 needles of slowing
Armour
 a - a +0 robe
 d - a +0 ring mail
 n - a +0 leather armour (worn)
Magical devices
 o - a wand of confusion (17) {unknown}
 p - a wand of polymorph (9) {unknown}
Scrolls
 b - 2 scrolls of magic mapping
 c - a scroll of fog {unknown}
 e - a scroll of teleportation {unknown}
 f - 3 scrolls of enchant weapon {unknown}
 g - 2 scrolls of enchant armour
 i - a scroll of blinking
 j - a scroll of immolation {unknown}
 k - 3 scrolls of remove curse
 l - a scroll of fear

Dungeon Overview and Level Annotations

Branches:
Dungeon (5/15)
 Temple: D:4-7

Altars:
Qazlal
Yredelemnul

..#++ .....
....Z
##.#.#.######
.......)<...##
...#.#.K#B#..#
#......M....#
#..#.#.#r#..#
#>..........#
...#.#.#.#.##
#..........#
..#.#.#.#.#
.........#
#.#.#.#.# ...


You could see a worker ant, a worker ant zombie, a kobold and a rat.


Message History

The orc wizard looks braver.
There is a stone staircase leading down here.
The orc wizard completely misses you.
You climb downwards.
A rat, a worker ant, a scorpion, a kobold and a zombie come into view.
The kobold shouts!
Found a stone staircase leading down.
There is a stone staircase leading up here.
You hit the orc wizard. You punch the orc wizard.
The orc wizard is moderately wounded.
The orc wizard hits you but does no damage.
You punch the orc wizard!
The orc wizard is almost dead.
The orc wizard barely misses you.
The orc wizard gestures wildly while chanting.
The orc wizard flickers and vanishes!
Deactivating autopickup; reactivate with Ctrl-A.
You closely miss something.
The worker ant zombie waves its antennae.
The scorpion barely misses you. Something hits you but does no damage.
You miss something. Something hits you but does no damage.
The scorpion stings you!
* * * LOW HITPOINT WARNING * * *
You miss something. You punch something.
Reactivating autopickup.
You feel a bit more experienced. The scorpion stings you!
* * * LOW HITPOINT WARNING * * *
Unknown command.
The rat bites you but does no damage. The kobold hits you with a dagger.
You die...

Action                   |  1- 3 |  4- 6 || total
-------------------------+-------+-------++-------
Melee: Unarmed           |   189 |   200 ||   389
  Use: Scroll            |       |     5 ||     5

Vault maps used:
D:1:      scummos_arrival_simple_fountains, hex_tiny
D:2:      overflow_temple_1_default, grunt_qazlal_clouds
D:3:      minmay_large_rounded_square
D:4:      first_bread
D:5:      serial_co_window_serial, co_window_corner_a, co_window_paths_b,
          co_window_corner_a, co_window_corner_a, co_window_paths_b,
          co_window_paths_c, co_window_unsneaky_path_d,
          co_window_of_opportunity_c, co_window_corner_cb, co_window_corner_b,
          co_window_2corner, co_window_4corner_b, glass_columns_b,
          glass_columns_c, kennysheep_cross_bottleneck, st_stairs_3,
          grunt_ministairs_8, kennysheep_generic_room_3

Notes
Turn   | Place    | Note
--------------------------------------------------------------
     0 | D:1      | RottenBandages, the Mummy Monk, began the quest for the Orb.
     0 | D:1      | Reached XP level 1. HP: 18/18 MP: 1/1
   230 | D:1      | Reached XP level 2. HP: 13/24 MP: 2/2
   795 | D:1      | Reached skill level 4 in Unarmed Combat
  1066 | D:2      | Reached XP level 3. HP: 22/29 MP: 3/3
  1200 | D:2      | Found a basalt altar of Yredelemnul.
  1737 | D:2      | Found a stormy altar of Qazlal.
  1964 | D:2      | Reached XP level 4. HP: 30/35 MP: 4/4
  2089 | D:1      | HP: 1/35 [gnoll/spear (5)]
  2650 | D:2      | Reached skill level 5 in Unarmed Combat
  3115 | D:3      | Reached XP level 5. HP: 21/41 MP: 5/5
  4212 | D:4      | Reached skill level 6 in Unarmed Combat
  4343 | D:4      | Reached XP level 6. HP: 29/47 MP: 6/6
  4353 | D:5      | Entered Level 5 of the Dungeon
  4358 | D:5      | HP: 4/47 [scorpion (7)]
  4360 | D:5      | Slain by a kobold

Vanquished Creatures
  A jelly (D:3)
  3 orc wizards
  A worker ant (D:4)
  8 adders
  A gnoll (D:1)
  A worm (D:2)
  4 giant geckos
  2 oozes
  4 orcs
  11 bats
  8 hobgoblins
  5 jackals
  3 quokkas
  A ball python (D:4)
  5 giant newts
  5 goblins
  7 kobolds
  8 rats
78 creatures vanquished.
